 Dungeon Crawl Stone Soup version 0.27-a0-1529-g1e82c303ef (webtiles) character file.

Game seed: 1481212669946028613

13661 funkygono the Blocker (level 12, -5/96 HPs)
             Began as a Gnoll Fighter on July 10, 2021.
             Was a High Priest of Okawaru.
             Engulfed by an ice statue's freezing vapour (14 damage)
             ... in an ice cave on July 11, 2021.
             The game lasted 00:33:16 (11055 turns).

funkygono the Blocker (Gnoll Fighter)              Turns: 11055, Time: 00:33:17

Health: -5/96      AC: 25    Str: 18    XL:     12   Next: 8%
Magic:  0/31       EV: 14    Int:  9    God:    Okawaru [*****.]
Gold:   457        SH: 13    Dex: 13    Spells: 24/24 levels left

rFire    . . .     SeeInvis .   N - +6 hand axe of Raickose {vorpal, rCorr MP+9}
rCold    . . .     Faith    .   c - +0 kite shield
rNeg     . . .     Spirit   +   m - +0 plate armour
rPois    +         Reflect  .   O - +0 helmet
rElec    .         Harm     .   t - +0 cloak
rCorr    +         Rampage  .   n - +2 pair of gloves
Will     .....                  B - +0 pair of boots
Stlth    +.........             H - amulet of guardian spirit
HPRegen  0.26/turn              k - ring of poison resistance
MPRegen  0.22/turn              h - +4 ring of evasion

@: heroic
A: fangs 1, strong nose, distributed training
a: Renounce Religion, Heroism, Finesse


You were in an ice cave.
You worshipped Okawaru.
Okawaru was extremely pleased with you.
You visited 3 branches of the dungeon, and saw 11 of its levels.
You also visited: Ossuary and Ice Cave.

You collected 457 gold pieces.

Inventory:

Hand Weapons
 A - the +6 trident of Ereawn {chaos, *Rage Str+9}
   (You found it on level 4 of the Dungeon)

   Each time it hits an enemy it has a different, random effect.
   Str:       It affects your strength (+9).
   *Rage:     It may make you go berserk in combat.
 D - a +4 falchion of holy wrath
 N - the +6 hand axe of Raickose (weapon) {vorpal, rCorr MP+9}
   (You found it on level 6 of the Dungeon)

   It inflicts extra damage upon your enemies.
   MP:        It affects your magic capacity (+9).
   rCorr:     It protects you from acid and corrosion.
Missiles
 f - 40 poisoned darts
 i - 5 javelins
 v - 11 boomerangs (quivered)
 F - 2 throwing nets
Armour
 c - a +0 kite shield (worn)
 m - a +0 plate armour (worn)
 n - a +2 pair of gloves (worn)
 t - a +0 cloak (worn)
 B - a +0 pair of boots (worn)
 O - a +0 helmet (worn)
Jewellery
 h - a +4 ring of evasion (right hand)
 k - a ring of poison resistance (left hand)
 H - an amulet of guardian spirit (around neck)
 Y - a ring of see invisible
Wands
 g - a wand of acid (6)
 u - a wand of digging (7)
 L - a wand of mindburst (17)
 X - a wand of flame (24)
Scrolls
 p - 3 scrolls of magic mapping
 q - 5 scrolls of identify
 E - 4 scrolls of teleportation
Potions
 d - a potion of magic
 x - 4 potions of attraction
 z - a potion of berserk rage
 I - 2 potions of mutation
 M - a potion of flight
 Q - 4 potions of resistance
 R - 3 potions of haste


   Skills:
 + Level 9.6(14.6) Fighting
 + Level 6.9(11.9) Short Blades
 + Level 8.4(13.4) Long Blades
 + Level 6.9(11.9) Axes
 + Level 6.9(11.9) Maces & Flails
 + Level 6.9(11.9) Polearms
 + Level 6.9(11.9) Staves
 + Level 6.9(11.9) Slings
 + Level 6.9(11.9) Bows
 + Level 6.9(11.9) Crossbows
 + Level 6.9(11.9) Throwing
 + Level 9.6(14.6) Armour
 + Level 6.9(11.9) Dodging
 + Level 6.9(11.9) Stealth
 + Level 9.6(14.6) Shields
 + Level 6.9(11.9) Unarmed Combat
 + Level 6.9 Spellcasting
 + Level 5.7 Conjurations
 + Level 5.7 Hexes
 + Level 5.7 Summonings
 + Level 5.7 Necromancy
 + Level 5.7 Translocations
 + Level 5.7 Transmutations
 + Level 5.7 Fire Magic
 + Level 5.7 Ice Magic
 + Level 5.7 Air Magic
 + Level 5.7 Earth Magic
 + Level 5.7 Poison Magic
 + Level 7.6 Invocations
 + Level 6.9 Evocations


You had 24 spell levels left.
You didn't know any spells.
Your spell library contained the following spells:

 Spells                   Type           Power      Damage    Failure   Level
 Ensorcelled Hibernation  Hex/Ice        26%        N/A       41%         2
 Spider Form              Tmut/Pois      6%         N/A       65%         3
 Shadow Creatures         Summ           N/A        N/A       100%        6


Dungeon Overview and Level Annotations

Branches:
Dungeon (9/15)             Temple (1/1) D:6            Lair (1/6) D:9
Ossuary (visited)           IceCv (1/1)
    Orc: D:9-12

Altars:
Ashenzari
Elyvilon
Fedhas
Gozag
Hepliaklqana
Kikubaaqudgha
Makhleb
Nemelex Xobeh
Okawaru
Qazlal
Ru
Sif Muna
Trog
Vehumet
Wu Jian
Xom
Yredelemnul
Zin
The Shining One

Shops:
D:3 [   D:5 (

Annotations:
D:9 exclusion: orange crystal statue IceCv exclusion: ice statue


Innate Abilities, Weirdness & Mutations

You have very sharp teeth.
Your uncanny sense of smell can sniff out nearby items.
Your experience applies equally to all skills.


Message History

* * * LOW HITPOINT WARNING * * *
The ice statue gestures at you.
The bolt of cold hits the ice beast.
The ice beast completely resists.
The bolt of cold misses you. You block the ice beast's attack.
The ice statue gestures at you.
The freezing blast engulfs you but does no damage.
The ice beast hits you but does no damage.
Your plate armour prevents you from hitting the ice statue.
The ice statue is heavily damaged.
You hit the ice beast but do no damage.
You are engulfed in freezing vapours.
* * * LOW HITPOINT WARNING * * *
You block the ice beast's attack.
You slash the ice statue!
The ice statue is severely damaged.
You hit the ice beast.
You are engulfed in freezing vapours.
* * * LOW HITPOINT WARNING * * *
The ice statue gestures.
You hit the ice statue but do no damage.
The ice statue is severely damaged.
You hit the ice beast. You hit the ice beast but do no damage.
You are engulfed in freezing vapours.
* * * LOW HITPOINT WARNING * * *
You block the ice beast's attack.
You hit the ice statue but do no damage.
The ice statue is severely damaged.
You slash the ice beast! x2; You are engulfed in freezing vapours.
* * * LOW HITPOINT WARNING * * *
You block the ice beast's attack.
The ice beast hits you but does no damage.
You hit the ice statue.
The ice statue is severely damaged.
You barely miss the ice beast.
Your shield and plate armour prevent you from hitting the ice beast.
You are engulfed in freezing vapours.
The ice beast misses you.
The ice beast hits you but does no damage.
Unknown command.
You hit the ice statue.
The ice statue is almost destroyed.
You hit the ice beast. x2; You are engulfed in freezing vapours.
You die...

..# #.. ..## ##...#
#...# ##..## #Y°..##
##@°...## #### #8Y°....#
##..###### ##......#
#....##..## ###..○....#
..........###.........##
.∩.∩.......#...........#
.......##....##........#
#....#####..####.......#
##..## #### #.......##


You could see an ice statue and 2 ice beasts.

Vanquished Creatures
  Gastronok (D:9)
  Joseph (D:8)
  The ghost of PeterLawrence the Cudgeller, a novice MiFi (D:5)
  Maggie (D:8)
  3 cane toads (Lair:1)
  An ice statue (IceCv)
  A rime drake (Lair:1)
  A komodo dragon (Lair:1)
  3 ice devils
  A troll (D:9)
  A hornet (D:7)
  Prince Ribbit (D:7)
  4 blink frogs (Lair:1)
  2 centaur simulacra (D:9)
  Eustachio (D:6)
  19 yaks
  A basilisk (Lair:1)
  A steam dragon (D:9)
  Menkaure (D:6)
  2 water moccasins (Lair:1)
  An orc warrior (D:9)
  A black bear (D:5)
  An ice beast (D:5)
  A hornet zombie (D:7)
  A necrophage (D:6)
  2 centaurs
  2 ogres
  3 kobold brigands
  A two-headed ogre simulacrum (IceCv)
  2 scorpions
  2 elf zombies (Ossuary)
  A gnoll sergeant (D:8)
  A bullfrog (Lair:1)
  A wyvern zombie (D:7)
  A wyvern skeleton (D:6)
  A water moccasin skeleton (D:6)
  A water moccasin zombie (D:6)
  8 wights (D:8)
  2 howler monkeys
  3 centaur zombies
  A bullfrog zombie (D:5)
  A jelly (D:4)
  An orc priest (D:8)
  Crazy Yiuf (D:3)
  3 gnoll shamans
  A human zombie (Ossuary)
  2 bullfrog skeletons
  4 hounds
  4 centaur skeletons (D:6)
  Ijyb (D:3)
  2 iguanas
  3 orc wizards
  Natasha (thrice) (D:3)
  2 spriggan simulacra (IceCv)
  A scorpion zombie (D:5)
  A polar bear simulacrum (IceCv)
  A hound skeleton (D:5)
  3 mummies (Ossuary)
  A howler monkey zombie (D:8)
  A howler monkey skeleton (D:6)
  21 gnolls
  4 adders
  2 white imps (IceCv)
  An ufetubus (IceCv)
  3 adder zombies (Ossuary)
  3 worms
  The ghost of ma3 the Sneak, a weakling HuDe (D:9)
  3 dart slugs
  15 orcs
  4 ball pythons
  6 bats
  9 endoplasms
  5 giant cockroaches
  A gnoll zombie (Ossuary)
  11 hobgoblins
  5 jackals
  22 kobolds
  3 quokkas
  4 frilled lizards (D:1)
  6 goblins
  2 goblin zombies (Ossuary)
  4 hobgoblin zombies (Ossuary)
  A jackal skeleton (D:4)
  2 jackal zombies (D:7)
  2 kobold zombies (Ossuary)
  2 quokka zombies (Ossuary)
  4 rats
  A rat zombie (Ossuary)
267 creatures vanquished.

Vanquished Creatures (others)
  An ufetubus (IceCv)
  3 plants
4 creatures vanquished.

Grand Total: 271 creatures vanquished

Notes
Turn   | Place    | Note
-------+----------+-------------------------------------------
     0 | D:1      | funkygono the Gnoll Fighter began the quest for the Orb.
     0 | D:1      | Reached XP level 1. HP: 23/23 MP: 1/1
   194 | D:1      | Reached XP level 2. HP: 27/29 MP: 2/2
   472 | D:1      | Reached XP level 3. HP: 33/35 MP: 3/3
  1212 | D:2      | Reached skill level 1 in Invocations
  1402 | D:2      | Reached skill level 1 in Short Blades
  1402 | D:2      | Reached skill level 1 in Axes
  1402 | D:2      | Reached skill level 1 in Maces & Flails
  1402 | D:2      | Reached skill level 1 in Polearms
  1402 | D:2      | Reached skill level 1 in Staves
  1402 | D:2      | Reached skill level 1 in Slings
  1402 | D:2      | Reached skill level 1 in Bows
  1402 | D:2      | Reached skill level 1 in Crossbows
  1402 | D:2      | Reached skill level 1 in Throwing
  1402 | D:2      | Reached skill level 1 in Dodging
  1402 | D:2      | Reached skill level 1 in Stealth
  1402 | D:2      | Reached skill level 1 in Unarmed Combat
  1402 | D:2      | Reached skill level 1 in Spellcasting
  1402 | D:2      | Reached skill level 1 in Evocations
  1786 | D:2      | Reached XP level 4. HP: 41/41 MP: 5/5
  2205 | D:2      | Found a faded altar of an unknown god.
  2296 | D:3      | Noticed Ijyb
  2303 | D:3      | Killed Ijyb
  2304 | D:3      | Reached skill level 1 in Conjurations
  2304 | D:3      | Reached skill level 1 in Hexes
  2304 | D:3      | Reached skill level 1 in Summonings
  2304 | D:3      | Reached skill level 1 in Necromancy
  2304 | D:3      | Reached skill level 1 in Translocations
  2304 | D:3      | Reached skill level 1 in Transmutations
  2304 | D:3      | Reached skill level 1 in Fire Magic
  2304 | D:3      | Reached skill level 1 in Ice Magic
  2304 | D:3      | Reached skill level 1 in Air Magic
  2304 | D:3      | Reached skill level 1 in Earth Magic
  2304 | D:3      | Reached skill level 1 in Poison Magic
  2359 | D:3      | Found Teemuaheme's Antique Armour Boutique.
  2579 | D:3      | Reached XP level 5. HP: 47/47 MP: 6/6
  2900 | D:3      | Noticed Natasha
  2904 | D:3      | Killed Natasha
  2993 | D:3      | Found a runed translucent door.
  2994 | D:3      | Noticed Crazy Yiuf
  3001 | D:3      | Killed Crazy Yiuf
  3167 | D:3      | Noticed Natasha
  3172 | D:3      | Killed Natasha
  3391 | D:3      | Noticed Natasha
  3395 | D:3      | Killed Natasha
  3396 | D:3      | Reached XP level 6. HP: 53/53 MP: 8/8
  3499 | D:4      | Found a basalt altar of Yredelemnul.
  3625 | D:4      | Reached skill level 5 in Long Blades
  3943 | D:4      | Found a blossoming altar of Fedhas.
  4268 | D:4      | Identified the +6 trident of Ereawn {chaos, *Rage Str+9}
  4506 | D:5      | Entered Level 5 of the Dungeon
  4530 | D:5      | Reached XP level 7. HP: 59/59 MP: 10/10
  4575 | D:5      | Found Pyargh's Hydra Hut.
  4597 | D:5      | Reached XP level 8. HP: 55/67 MP: 12/12
  4622 | D:5      | Noticed a seven-headed hydra
  4892 | D:5      | Found a large runed translucent door.
  4892 | D:5      | Found a large runed translucent door.
  4892 | D:5      | Noticed PeterLawrence's ghost (novice MiFi)
  5110 | D:5      | Killed PeterLawrence's ghost
  5457 | D:6      | Noticed Menkaure
  5541 | D:6      | Found a staircase to the Ecumenical Temple.
  5541 | D:6      | Noticed Eustachio
  5556 | D:6      | Killed Eustachio
  5557 | D:6      | Reached XP level 9. HP: 72/72 MP: 14/14
  5652 | D:6      | Killed Menkaure
  5663 | Temple   | Entered the Ecumenical Temple
  5765 | Temple   | Became a worshipper of Warmaster Okawaru
  5955 | D:6      | Identified the +6 hand axe of Raickose {vorpal, rCorr MP+9}
  6359 | D:7      | Found a shimmering blue altar of Sif Muna.
  6361 | D:7      | Noticed Prince Ribbit
  6380 | D:7      | Killed Prince Ribbit
  6450 | D:7      | Found a sand-covered staircase.
  6516 | Ossuary  | Entered an ossuary
  6706 | D:7      | Noticed a hornet
  6719 | D:7      | Killed a hornet
  6719 | D:7      | Reached * piety under Okawaru
  6720 | D:7      | Reached skill level 5 in Invocations
  7368 | D:8      | Noticed Joseph
  7371 | D:8      | Noticed Maggie
  7372 | D:8      | Reached XP level 10. HP: 79/80 MP: 17/17
  7383 | D:8      | Reached skill level 5 in Short Blades
  7383 | D:8      | Reached skill level 5 in Axes
  7383 | D:8      | Reached skill level 5 in Maces & Flails
  7383 | D:8      | Reached skill level 5 in Polearms
  7383 | D:8      | Reached skill level 5 in Staves
  7383 | D:8      | Reached skill level 5 in Slings
  7383 | D:8      | Reached skill level 5 in Bows
  7383 | D:8      | Reached skill level 5 in Crossbows
  7383 | D:8      | Reached skill level 5 in Throwing
  7383 | D:8      | Reached skill level 5 in Dodging
  7383 | D:8      | Reached skill level 5 in Stealth
  7383 | D:8      | Reached skill level 5 in Unarmed Combat
  7383 | D:8      | Reached skill level 5 in Spellcasting
  7383 | D:8      | Reached skill level 5 in Evocations
  7397 | D:8      | Reached ** piety under Okawaru
  7414 | D:8      | Killed Joseph
  7433 | D:8      | Killed Maggie
  7884 | D:8      | Reached *** piety under Okawaru
  8118 | D:9      | Noticed an orange crystal statue
  8196 | D:9      | Received a gift from Okawaru
  8336 | D:9      | Upgraded the game from 0.27-a0-1525-g1038ab4fd7 to
                  | 0.27-a0-1529-g1e82c303ef
  8500 | D:9      | Found a runed translucent gate.
  8500 | D:9      | Found a runed translucent gate.
  8501 | D:9      | Found a runed translucent gate.
  8503 | D:9      | Noticed ma3's ghost (weakling HuDe)
  8625 | D:9      | Reached XP level 11. HP: 40/87 MP: 13/19
  8883 | D:9      | Found a glowing silver altar of Zin.
  9058 | D:9      | Found a staircase to the Lair.
  9155 | D:9      | Noticed Gastronok
  9175 | D:9      | Killed Gastronok
  9176 | D:9      | Reached skill level 5 in Conjurations
  9176 | D:9      | Reached skill level 5 in Hexes
  9176 | D:9      | Reached skill level 5 in Summonings
  9176 | D:9      | Reached skill level 5 in Necromancy
  9176 | D:9      | Reached skill level 5 in Translocations
  9176 | D:9      | Reached skill level 5 in Transmutations
  9176 | D:9      | Reached skill level 5 in Fire Magic
  9176 | D:9      | Reached skill level 5 in Ice Magic
  9176 | D:9      | Reached skill level 5 in Air Magic
  9176 | D:9      | Reached skill level 5 in Earth Magic
  9176 | D:9      | Reached skill level 5 in Poison Magic
  9282 | D:9      | Killed ma3's ghost
  9293 | D:9      | Reached **** piety under Okawaru
  9296 | D:9      | Received a gift from Okawaru
  9560 | D:9      | Noticed a cyclops
  9837 | Lair:1   | Entered Level 1 of the Lair of Beasts
 10040 | Lair:1   | Received a gift from Okawaru
 10078 | Lair:1   | Reached ***** piety under Okawaru
 10309 | Lair:1   | Found a frozen archway.
 10350 | Lair:1   | Reached XP level 12. HP: 46/96 MP: 5/22
 10469 | IceCv    | Entered an ice cave
 11055 | IceCv    | Engulfed by an ice statue's freezing vapour

Illustrated notes

Levels and vault maps discovered:
D:1:      evilmike_arrival_home_sweet_home, layout_loops_corners,
          chequers_arboretum
D:2:      layout_basic, serial_curves, eino_curves_01, eino_curves_03,
          dreamdust_ecumenical_altar_hidden_monk_grotto,
          kennysheep_generic_room_9
D:3:      layout_loops_ring, serial_shops, nicolae_diamond_shop, uniq_ijyb,
          uniq_crazy_yiuf_cottage, uniq_natasha
D:4:      corexii_shack_village, layout_loops_ring,
          mainiacjoe_overflow_surrounded_room,
          mainiacjoe_overflow_small_starburst, lightli_corner_chamber
D:5:      layout_rooms, ebering_ghost_disaster_area, doesnt_shop_hydraphobe
D:6:      layout_rooms, minmay_temple_entry_trees, uniq_eustachio, uniq_menkaure
D:7:      layout_basic, lemuel_doored_altar, enter_ossuary_3,
          uniq_prince_ribbit1
D:8:      layout_basic, uniq_maggie, uniq_joseph
D:9:      layout_roguey, marbit_many_paths, lair_entry_dummy,
          gammafunk_ghost_necromancy, minmay_protected_statue, uniq_gastronok
Temple:   regret_index_temple_waves
Lair:1:   layout_big_grid, portal_ice_cave_demonic_guard
IceCv:    ice_cave_small_demon

Skill      XL: |  1  2  3  4  5  6  7  8  9 10 11 |
---------------+----------------------------------+-----
Invocations    | 1 2 3 4 5 6 7 |  7.6
Short Blades   | 1 2 3 4 5 6 |  6.9
Axes           | 1 2 3 4 5 6 |  6.9
Maces & Flails | 1 2 3 4 5 6 |  6.9
Polearms       | 1 2 3 4 5 6 |  6.9
Staves         | 1 2 3 4 5 6 |  6.9
Slings         | 1 2 3 4 5 6 |  6.9
Bows           | 1 2 3 4 5 6 |  6.9
Crossbows      | 1 2 3 4 5 6 |  6.9
Throwing       | 1 2 3 4 5 6 |  6.9
Dodging        | 1 2 3 4 5 6 |  6.9
Stealth        | 1 2 3 4 5 6 |  6.9
Unarmed Combat | 1 2 3 4 5 6 |  6.9
Spellcasting   | 1 2 3 4 5 6 |  6.9
Evocations     | 1 2 3 4 5 6 |  6.9
Conjurations   | 1 2 3 4 5 |  5.7
Hexes          | 1 2 3 4 5 |  5.7
Summonings     | 1 2 3 4 5 |  5.7
Necromancy     | 1 2 3 4 5 |  5.7
Translocations | 1 2 3 4 5 |  5.7
Transmutations | 1 2 3 4 5 |  5.7
Fire Magic     | 1 2 3 4 5 |  5.7
Ice Magic      | 1 2 3 4 5 |  5.7
Air Magic      | 1 2 3 4 5 |  5.7
Earth Magic    | 1 2 3 4 5 |  5.7
Poison Magic   | 1 2 3 4 5 |  5.7
Long Blades    | 5 6 7 8 |  8.4
Fighting       | 7 8 9 |  9.6
Armour         | 7 8 9 |  9.6
Shields        | 7 8 9 |  9.6

Action                   |  1- 3 |  4- 6 |  7- 9 | 10-12 || total
-------------------------+-------+-------+-------+-------++-------
Melee: Long sword        |   106 |   104 |   113 |       ||   323
       Bite              |     7 |    15 |    53 |    59 ||   134
       Trident           |       |     3 |    72 |       ||    75
       Hand axe          |       |       |   140 |   509 ||   649
Throw: Dart              |       |     1 |       |    11 ||    12
       Javelin           |       |     2 |     3 |    11 ||    16
       Boomerang         |       |       |       |     2 ||     2
Invok: Heroism           |       |       |       |    18 ||    18
Evoke: Wand              |       |       |       |     6 ||     6
  Use: Scroll            |     4 |     7 |    11 |     4 ||    26
       Potion            |       |       |       |     5 ||     5
Armor: Scale mail        |    38 |     7 |       |       ||    45
       Plate armour      |       |    27 |   158 |   226 ||   411
Dodge: Dodged            |    34 |    24 |   109 |   173 ||   340
Block: Kite shield       |    46 |    37 |   190 |   278 ||   551
       Rpst.: Long sword |     9 |    12 |     6 |       ||    27

Table legend: (Time is in decaauts)
 A = Elapsed time spent in this place.
 B = Non-inter-level travel time spent in this place.
 C = Inter-level travel time spent in this place.
 D = Time resting spent in this place.
 E = Time spent auto-exploring this place.
 F = Levels seen in this place.
 G = Mean time per level.
                   A        B        C        D        E       F      G
               +--------+--------+--------+--------+--------+-----+--------+
         Total |  11258 |  10838 |    420 |   1441 |   6119 |  13 |  866.0 |
       Dungeon |   9670 |   9323 |    347 |    735 |   5814 |   9 | 1074.4 |
        Temple |    232 |    160 |     72 |      0 |    157 |   1 |  232.0 |
          Lair |    614 |    614 |      0 |    304 |      0 |   1 |  614.0 |
       Ossuary |    169 |    169 |      0 |      0 |     63 |   1 |  169.0 |
      Ice Cave |    570 |    570 |      0 |    402 |     85 |   1 |  570.0 |
               +--------+--------+--------+--------+--------+-----+--------+

Top non-repeatable levels by time:
     D:9: 1751 daAuts
     D:1: 1227 daAuts
     D:3: 1194 daAuts
     D:2: 1084 daAuts
     D:4: 1069 daAuts
     D:5: 1062 daAuts
     D:7: 928 daAuts
     D:8: 784 daAuts
  Lair:1: 614 daAuts
   IceCv: 570 daAuts
     D:6: 568 daAuts
  Temple: 232 daAuts
 Ossuary: 169 daAuts
